 Dungeon Crawl Stone Soup version 0.16.1 (webtiles) character file.

336 Meow the Skirmisher (level 6, 0/66 HPs)
             Began as an Octopode Wizard on Mar 25, 2015.
             Slain by a centaur (2 damage)
             ... on level 4 of the Dungeon.
             The game lasted 00:14:28 (3876 turns).

Meow the Skirmisher (Octopode Wizard)               Turns: 3876, Time: 00:14:28

Health: 0/66       AC: 23    Str:  6    XL:     6   Next: 54%
Magic:  6/21       EV:  2    Int: 23    God:
Gold:   206        SH:  0    Dex: 10    Spells: 4 memorised, 3 levels left

rFire  . . .     SeeInvis .     a - +0 long sword
rCold  . . .     Clarity  .     (no shield)
rNeg   + + +     SustAb   .     y - melded +0 hat
rPois  +         Gourm    .     (no amulet)
rElec  .         Spirit   .     f - ring of magical power
rCorr  .         Warding  .     A - ring of protection from magic
rMut   .         NoTele   +     (no ring)
MR     +....                    (no ring)
Stlth  ++++......               (no ring)
                                (no ring)
                                (no ring)
                                (no ring)

@: tree-form, very slightly contaminated, hasted, invisible, very quick,
somewhat resistant to hostile enchantments, stealthy
A: almost no armour, amphibious, 8 rings, (constrict 8), (camouflage 0),
deterioration 1, sense surroundings 1, (gelatinous body 0)
a: no special abilities


You were on level 4 of the Dungeon.
You were hungry.
You were a tree.
You visited 1 branch of the dungeon, and saw 4 of its levels.

You collected 206 gold pieces.

Inventory:

Hand weapons
 a - a +0 long sword (weapon)
 b - a +3 blowgun
 s - a +0 dagger
 w - a +0 falchion
Missiles
 r - a tomahawk (quivered)
 z - a poisoned needle
Armour
 y - a +0 hat (melded)
Jewellery
 f - a ring of magical power (left branch)
 g - an uncursed ring of wizardry {unknown}
 A - a ring of protection from magic (right branch)
Magical devices
 o - a wand of polymorph (4)
 p - a wand of magic darts (20)
Scrolls
 e - a scroll of fog {unknown}
 h - 2 scrolls of remove curse {unknown}
 j - 2 scrolls of identify {unknown}
 l - 3 scrolls of amnesia {unknown}
 m - a scroll of noise {unknown}
 n - 3 scrolls of teleportation {unknown}
 u - 2 scrolls of enchant weapon {unknown}
 B - a scroll of recharging {unknown}
Books
 c - a book of Minor Magic

   Spells                             Type                      Level
   a - Magic Dart                     Conjuration                  1
   b - Blink                          Translocation                2
   c - Call Imp                       Summoning                    2
   d - Repel Missiles                 Charms/Air                   2
   e - Slow                           Hexes                        2
   f - Conjure Flame                  Conjuration/Fire             3
   g - Mephitic Cloud                 Conjuration/Poison/Air       3
Comestibles
 d - 4 bread rations
 i - 3 meat rations
 x - a royal jelly


   Skills:
 + Level 4.4 Fighting
 + Level 1.6 Long Blades
 - Level 2.0 Dodging
 - Level 2.6 Stealth
 + Level 0.8 Unarmed Combat
 - Level 3.0 Spellcasting
 + Level 3.3 Conjurations
   Level 1.0 Summonings
 - Level 1.0 Translocations
 + Level 1.1 Air Magic
 + Level 1.0 Poison Magic


You had 3 spell levels left.
You knew the following spells:

 Your Spells              Type           Power        Failure   Level  Hunger
a - Magic Dart            Conj           ###.         2%          1    None
c - Mephitic Cloud        Conj/Pois/Air  ##......     17%         3    ###....
f - Repel Missiles        Chrm/Air       #.....       17%         2    ##.....
t - Blink                 Tloc           N/A          14%         2    ##.....


Dungeon Overview and Level Annotations

Branches:
Dungeon (4/15)             Temple (0/1) D:4

Altars:
Nemelex Xobeh
Ru

Annotations:
D:3 Grinder


Innate Abilities, Weirdness & Mutations

You cannot wear most types of armour.
You are amphibious.
You can wear up to eight rings at the same time.
((You can use your tentacles to constrict many enemies at once.))
((Your skin changes colour to match your surroundings (Stealth).))
((Your rubbery body absorbs attacks (AC +1).))
Your body is slowly deteriorating.
You passively map a small area around you.


Message History

You cannot move.
You cannot move.
You cannot move.
The centaur seems less confused.
You cannot move.
You cannot move.
You cannot move.
The centaur shoots an arrow.
The arrow is repelled.
You feel less protected from missiles.
You cannot move.
You cannot move.
The centaur shoots an arrow.
The arrow hits you.
* * * LOW HITPOINT WARNING * * *
You hear a splash.
Unknown command.
Unknown command.
You cannot move.
The centaur unwields an uncursed shortbow.
The centaur hits you.
You die...

.............##......##.#
.#######.#......#######.#########
.................................
......####.####.#######.#########
........................#
............,.....#####.#
.################.(####.# ...
>.....≈§≈..((...# * ..# *
#..≈≈§♣c.####.# ... #.≈§§§≈§≈#
#(# , , .... #.§§§>≈§§# #.. , .#
....≈≈≈≈≈§≈# ##.# . .....≈§§§≈.#
.. * * * ......≈§≈..# ...
.........## ... * ......... ,
......###


You could see a centaur.

Vanquished Creatures
  An ogre (D:4)
  A hound (D:4)
  An orc wizard (D:3)
  An iguana (D:4)
  7 adders
  2 giant mites
  6 worms
  A giant gecko (D:3)
  2 oozes (D:4)
  3 orcs (D:3)
  A ball python (D:2)
  10 bats
  4 giant cockroaches
  6 goblins
  7 hobgoblins
  6 jackals
  2 giant newts (D:1)
  9 kobolds
  A quokka skeleton (D:4)
  10 rats
81 creatures vanquished.

Notes
Turn   | Place    | Note
--------------------------------------------------------------
     0 | D:1      | Meow, the Octopode Wizard, began the quest for the Orb.
     0 | D:1      | Reached XP level 1. HP: 11/11 MP: 4/4
   104 | D:1      | Reached skill level 1 in Fighting
   178 | D:1      | Reached XP level 2. HP: 18/18 MP: 4/6
   557 | D:1      | Reached XP level 3. HP: 23/25 MP: 7/7
  1336 | D:2      | Learned a level 3 spell: Mephitic Cloud
  1339 | D:2      | Learned a level 2 spell: Repel Missiles
  1454 | D:2      | Reached XP level 4. HP: 30/30 MP: 9/9
  2181 | D:3      | Reached XP level 5. HP: 36/36 MP: 11/11
  2563 | D:3      | Reached skill level 4 in Fighting
  2676 | D:3      | Found a sparkling altar of Nemelex Xobeh.
  2880 | D:3      | Found a sacrificial altar of Ru.
  2899 | D:3      | Noticed Grinder
  2902 | D:3      | Paralysed by Grinder for 6 turns
  2923 | D:3      | Paralysed by Grinder for 5 turns
  2934 | D:3      | Paralysed by Grinder for 5 turns
  3179 | D:4      | Noticed a centaur
  3184 | D:4      | Learned a level 2 spell: Blink
  3475 | D:4      | Reached skill level 1 in Long Blades
  3475 | D:4      | Reached XP level 6. HP: 41/43 MP: 12/12
  3711 | D:4      | Reached skill level 1 in Poison Magic
  3755 | D:4      | Reached skill level 1 in Air Magic
  3845 | D:4      | Found a staircase to the Ecumenical Temple.
  3859 | D:4      | HP: 2/44 [centaur/arrow (11)]
  3863 | D:4      | Gained mutation: You passively map a small area around you. [potion of mutation]
  3863 | D:4      | Gained mutation: Your body is slowly deteriorating. [potion of mutation]
  3874 | D:4      | HP: 2/66 [centaur/arrow (4)]
  3876 | D:4      | Slain by a centaur

Action                   |  1- 3 |  4- 6 || total
-------------------------+-------+-------++-------
Melee: Unarmed           |     5 |       ||     5
       Dagger            |    16 |    28 ||    44
       Long sword        |       |    22 ||    22
       Falchion          |       |    14 ||    14
 Cast: Magic Dart        |    97 |   122 ||   219
       Mephitic Cloud    |       |    22 ||    22
       Repel Missiles    |       |     2 ||     2
  Use: Potion            |       |     6 ||     6
 Stab: Confused          |       |     2 ||     2
       Sleeping          |       |     2 ||     2
  Eat: Chunk             |     1 |     5 ||     6
       Meat ration       |       |     1 ||     1
